Construct Infanterie Kompanie
Selects Luftwaffe Battlegroup
Selects Luftwaffe Pioneer Support
Fallschirmpioneer Squad Paradrop
Construct Luftwaffe Kompanie
Selects Stuka Strafing Run
Fallschirmpioneer Squad Paradrop
Selects Fallschirmjäger Squad Paradrop
Luftwaffe Officer Quarters
Fallschirmjäger Squad Paradrop
Fallschirmjäger Squad Paradrop
Fallschirmjäger Squad Paradrop
Selects Flak 38 Anti-Air Emplacement
Construct Panzer Kompanie